AoeStats
← zamithdaniel

Arena

506924351Analyzed
2v2 RM · 18d ago on Sep 15, 2026· 50m 33s· 4 players
Game mode
Random Map
Map size
Medium (4 player)
Population
200
Speed
Normal
Resources
Standard
Victory
Conquest
Starting age
Dark Age
Ending age
Imperial Age
RankedLock teamsTeams togetherTeam positionsShared explorationLock speedFull tech treeHidden civsTurbo modeCheats
Victory
Defeat
🇨🇴 Celts · Colombia
918
+13
🇨🇴 Persians · Colombia
857
+16
🇳🇱 Britons · Netherlands
858
-15
🇳🇱 Wei · Netherlands
847
-14
Smurfosaurus Rex
11:03 Feudal Age
16:18 Castle Age
15:20 Double-Bit Axe
16:02 Horse Collar
17:13 Gold Mining
17:40 Heavy Plow
18:32 Gold Mining
19:56 Bow Saw
21:58 Wheelbarrow
21:49 Stone Mining
22:35 Gold Shaft Mining
23:04 Scale Barding Armor
24:50 Hand Cart
25:16 Fortified Wall
26:14 Loom
27:15 Fletching
27:55 Bodkin Arrow
a_m_ct
11:43 Feudal Age
15:39 Castle Age
14:32 Double-Bit Axe
14:49 Horse Collar
15:41 Loom
18:06 Gold Mining
30:44 Fletching
30:55 Padded Archer Armor
39:22 Imperial Age
37:00 Bodkin Arrow
37:21 Leather Archer Armor
38:04 Wheelbarrow
37:14 Town Watch
37:46 Stone Mining
38:32 Gold Shaft Mining
38:15 Bow Saw
39:24 Ballistics
39:19 Fortified Wall
39:22 Masonry
40:16 Bracer
40:47 Ring Archer Armor
41:20 Chemistry
40:32 Elite Longbowman
42:16 Hand Cart
42:22 Warwolf
42:43 Yeomen
46:02 Conscription
47:17 Siege Engineers
47:23 Masonry
48:43 Town Patrol
48:44 Heavy Plow
49:13 Murder Holes
zamithdaniel
10:04 Feudal Age
10:47 Double-Bit Axe
10:44 Horse Collar
12:26 Loom
18:40 Castle Age
17:13 Stone Mining
17:38 Gold Mining
23:13 Scale Mail Armor
23:24 Forging
31:23 Bow Saw
31:33 Arson
32:01 Heavy Plow
34:16 Chain Mail Armor
34:37 Iron Casting
37:45 Imperial Age
37:01 Wheelbarrow
37:13 Gold Shaft Mining
37:35 Stone Shaft Mining
37:13 Town Watch
38:04 Hand Cart
41:39 Blast Furnace
41:10 Plate Mail Armor
40:08 Elite Woad Raider
44:58 Capped Ram
46:11 Town Patrol
46:33 Scale Barding Armor
47:09 Conscription
47:17 Siege Ram
Griffith
11:49 Feudal Age
17:26 Padded Archer Armor
17:17 Fletching
23:45 Castle Age
27:35 Wheelbarrow
30:36 Leather Archer Armor
30:17 Bodkin Arrow
30:28 Scale Barding Armor
32:33 Double-Bit Axe
32:35 Horse Collar
39:09 Imperial Age
36:27 Loom
37:05 Gold Mining
37:47 Hand Cart
37:19 Town Watch
40:26 Chemistry
39:46 Ballistics
39:22 Elite War Elephant
42:07 Ring Archer Armor
41:58 Chain Barding Armor
45:49 Gold Shaft Mining
45:31 Heavy Cavalry Archer
48:16 Conscription
50:09 Conscription
Connection lost

Rejoining the realm…

Still unreachable

The connection could not be restored.

Session expired

The server has moved on; the page needs a fresh start.